Workbook

Sheet Read me
A1: Business budget template
A3: Budget: your plan for the year, month by month. Enter income, direct costs and overheads in the yellow cells; gross profit, operating profit and the year totals calculate themselves.
A4: Actuals: the same layout. Fill in each month from your bookkeeping after month-end.
A5: Budget vs actual: pick a month (1-12) and it shows budget, actual and the variance for that month and the year to date. Variance = actual minus budget; for costs, a positive variance means overspending.
A6: The Budget and Actuals sheets are filled with example figures for a fictional company so you can see it working. Clear the yellow cells and enter yours.
A8: Pale yellow cells are inputs. Everything else is calculated.
A9: Free template from runbooked.co

Sheet Budget
A1: Budget
A2: Example figures for a fictional company. Replace them with yours.
A3: First month of the year | B3: 46388
A4: Month number | B4: 1 | C4: 2 | D4: 3 | E4: 4 | F4: 5 | G4: 6 | H4: 7 | I4: 8 | J4: 9 | K4: 10 | L4: 11 | M4: 12
A5: Line | B5: =EDATE($B$3,0) | C5: =EDATE($B$3,1) | D5: =EDATE($B$3,2) | E5: =EDATE($B$3,3) | F5: =EDATE($B$3,4) | G5: =EDATE($B$3,5) | H5: =EDATE($B$3,6) | I5: =EDATE($B$3,7) | J5: =EDATE($B$3,8) | K5: =EDATE($B$3,9) | L5: =EDATE($B$3,10) | M5: =EDATE($B$3,11) | N5: Year
A6: Income
A7: Sales: product or service 1 | B7: 189000 | C7: 195300 | D7: 214200 | E7: 210000 | F7: 220500 | G7: 222600 | H7: 201600 | I7: 184800 | J7: 216300 | K7: 228900 | L7: 224700 | M7: 212100 | N7: =SUM(B7:M7)
A8: Sales: product or service 2 | B8: 57600 | C8: 59500 | D8: 65300 | E8: 64000 | F8: 67200 | G8: 67800 | H8: 61400 | I8: 56300 | J8: 65900 | K8: 69800 | L8: 68500 | M8: 64600 | N8: =SUM(B8:M8)
A9: Other income | B9: 1000 | C9: 1000 | D9: 1000 | E9: 1000 | F9: 1000 | G9: 1000 | H9: 1000 | I9: 1000 | J9: 1000 | K9: 1000 | L9: 1000 | M9: 1000 | N9: =SUM(B9:M9)
A10: Total income | B10: =SUM(B7:B9) | C10: =SUM(C7:C9) | D10: =SUM(D7:D9) | E10: =SUM(E7:E9) | F10: =SUM(F7:F9) | G10: =SUM(G7:G9) | H10: =SUM(H7:H9) | I10: =SUM(I7:I9) | ... M10: =SUM(M7:M9) | N10: =SUM(B10:M10)
A12: Direct costs
A13: Materials and stock | B13: 46800 | C13: 48400 | D13: 53000 | E13: 52000 | F13: 54600 | G13: 55100 | H13: 49900 | I13: 45800 | J13: 53600 | K13: 56700 | L13: 55600 | M13: 52500 | N13: =SUM(B13:M13)
A14: Direct labour | B14: 70200 | C14: 72500 | D14: 79600 | E14: 78000 | F14: 81900 | G14: 82700 | H14: 74900 | I14: 68600 | J14: 80300 | K14: 85000 | L14: 83500 | M14: 78800 | N14: =SUM(B14:M14)
A15: Subcontractors | B15: 18900 | C15: 19500 | D15: 21400 | E15: 21000 | F15: 22000 | G15: 22300 | H15: 20200 | I15: 18500 | J15: 21600 | K15: 22900 | L15: 22500 | M15: 21200 | N15: =SUM(B15:M15)
A16: Total direct costs | B16: =SUM(B13:B15) | C16: =SUM(C13:C15) | D16: =SUM(D13:D15) | E16: =SUM(E13:E15) | F16: =SUM(F13:F15) | G16: =SUM(G13:G15) | H16: =SUM(H13:H15) | I16: =SUM(I13:I15) | ... M16: =SUM(M13:M15) | N16: =SUM(B16:M16)
A17: Gross profit | B17: =B10-B16 | C17: =C10-C16 | D17: =D10-D16 | E17: =E10-E16 | F17: =F10-F16 | G17: =G10-G16 | H17: =H10-H16 | I17: =I10-I16 | ... M17: =M10-M16 | N17: =SUM(B17:M17)
A19: Overheads
A20: Salaries (not direct) | B20: 48000 | C20: 48000 | D20: 48000 | E20: 48000 | F20: 48000 | G20: 48000 | H20: 48000 | I20: 48000 | J20: 48000 | K20: 48000 | L20: 48000 | M20: 48000 | N20: =SUM(B20:M20)
A21: Employer taxes and pensions | B21: 8600 | C21: 8600 | D21: 8600 | E21: 8600 | F21: 8600 | G21: 8600 | H21: 8600 | I21: 8600 | J21: 8600 | K21: 8600 | L21: 8600 | M21: 8600 | N21: =SUM(B21:M21)
A22: Rent and rates | B22: 10500 | C22: 10500 | D22: 10500 | E22: 10500 | F22: 10500 | G22: 10500 | H22: 10500 | I22: 10500 | J22: 10500 | K22: 10500 | L22: 10500 | M22: 10500 | N22: =SUM(B22:M22)
A23: Marketing | B23: 6000 | C23: 6000 | D23: 6000 | E23: 6000 | F23: 6000 | G23: 6000 | H23: 6000 | I23: 6000 | J23: 6000 | K23: 6000 | L23: 6000 | M23: 6000 | N23: =SUM(B23:M23)
A24: Software and IT | B24: 3800 | C24: 3800 | D24: 3800 | E24: 3800 | F24: 3800 | G24: 3800 | H24: 3800 | I24: 3800 | J24: 3800 | K24: 3800 | L24: 3800 | M24: 3800 | N24: =SUM(B24:M24)
A25: Professional fees | B25: 2500 | C25: 2500 | D25: 2500 | E25: 2500 | F25: 2500 | G25: 2500 | H25: 2500 | I25: 2500 | J25: 2500 | K25: 2500 | L25: 2500 | M25: 2500 | N25: =SUM(B25:M25)
A26: Insurance | B26: 1400 | C26: 1400 | D26: 1400 | E26: 1400 | F26: 1400 | G26: 1400 | H26: 1400 | I26: 1400 | J26: 1400 | K26: 1400 | L26: 1400 | M26: 1400 | N26: =SUM(B26:M26)
A27: Travel | B27: 1800 | C27: 1800 | D27: 1800 | E27: 1800 | F27: 1800 | G27: 1800 | H27: 1800 | I27: 1800 | J27: 1800 | K27: 1800 | L27: 1800 | M27: 1800 | N27: =SUM(B27:M27)
A28: Other overheads | B28: 2200 | C28: 2200 | D28: 2200 | E28: 2200 | F28: 2200 | G28: 2200 | H28: 2200 | I28: 2200 | J28: 2200 | K28: 2200 | L28: 2200 | M28: 2200 | N28: =SUM(B28:M28)
A29: Total overheads | B29: =SUM(B20:B28) | C29: =SUM(C20:C28) | D29: =SUM(D20:D28) | E29: =SUM(E20:E28) | F29: =SUM(F20:F28) | G29: =SUM(G20:G28) | H29: =SUM(H20:H28) | I29: =SUM(I20:I28) | ... M29: =SUM(M20:M28) | N29: =SUM(B29:M29)
A31: Operating profit | B31: =B17-B29 | C31: =C17-C29 | D31: =D17-D29 | E31: =E17-E29 | F31: =F17-F29 | G31: =G17-G29 | H31: =H17-H29 | I31: =I17-I29 | ... M31: =M17-M29 | N31: =SUM(B31:M31)

Sheet Actuals
A1: Actuals
A2: Example: a fictional year. Enter yours after each month-end.
A3: First month of the year | B3: 46388
A4: Month number | B4: 1 | C4: 2 | D4: 3 | E4: 4 | F4: 5 | G4: 6 | H4: 7 | I4: 8 | J4: 9 | K4: 10 | L4: 11 | M4: 12
A5: Line | B5: =EDATE($B$3,0) | C5: =EDATE($B$3,1) | D5: =EDATE($B$3,2) | E5: =EDATE($B$3,3) | F5: =EDATE($B$3,4) | G5: =EDATE($B$3,5) | H5: =EDATE($B$3,6) | I5: =EDATE($B$3,7) | J5: =EDATE($B$3,8) | K5: =EDATE($B$3,9) | L5: =EDATE($B$3,10) | M5: =EDATE($B$3,11) | N5: Year
A6: Income
A7: Sales: product or service 1 | B7: 192800 | C7: 199200 | D7: 218500 | E7: 214200 | F7: 224900 | G7: 227100 | H7: 189500 | I7: 173700 | J7: 220600 | K7: 233500 | L7: 229200 | M7: 216300 | N7: =SUM(B7:M7)
A8: Sales: product or service 2 | B8: 58800 | C8: 60700 | D8: 66600 | E8: 65300 | F8: 68500 | G8: 69200 | H8: 57800 | I8: 52900 | J8: 67200 | K8: 71200 | L8: 69800 | M8: 65900 | N8: =SUM(B8:M8)
A9: Other income | B9: 1000 | C9: 1000 | D9: 1000 | E9: 1000 | F9: 1000 | G9: 1000 | H9: 1000 | I9: 1000 | J9: 1000 | K9: 1000 | L9: 1000 | M9: 1000 | N9: =SUM(B9:M9)
A10: Total income | B10: =SUM(B7:B9) | C10: =SUM(C7:C9) | D10: =SUM(D7:D9) | E10: =SUM(E7:E9) | F10: =SUM(F7:F9) | G10: =SUM(G7:G9) | H10: =SUM(H7:H9) | I10: =SUM(I7:I9) | ... M10: =SUM(M7:M9) | N10: =SUM(B10:M10)
A12: Direct costs
A13: Materials and stock | B13: 47700 | C13: 49300 | D13: 54100 | E13: 53000 | F13: 55700 | G13: 56200 | H13: 46900 | I13: 43000 | J13: 54600 | K13: 57800 | L13: 56800 | M13: 53600 | N13: =SUM(B13:M13)
A14: Direct labour | B14: 71600 | C14: 74000 | D14: 81200 | E14: 79600 | F14: 83500 | G14: 84300 | H14: 70400 | I14: 64500 | J14: 81900 | K14: 86700 | L14: 85100 | M14: 80400 | N14: =SUM(B14:M14)
A15: Subcontractors | B15: 19300 | C15: 19900 | D15: 21800 | E15: 21400 | F15: 22500 | G15: 22700 | H15: 19000 | I15: 17400 | J15: 22100 | K15: 23300 | L15: 22900 | M15: 21600 | N15: =SUM(B15:M15)
A16: Total direct costs | B16: =SUM(B13:B15) | C16: =SUM(C13:C15) | D16: =SUM(D13:D15) | E16: =SUM(E13:E15) | F16: =SUM(F13:F15) | G16: =SUM(G13:G15) | H16: =SUM(H13:H15) | I16: =SUM(I13:I15) | ... M16: =SUM(M13:M15) | N16: =SUM(B16:M16)
A17: Gross profit | B17: =B10-B16 | C17: =C10-C16 | D17: =D10-D16 | E17: =E10-E16 | F17: =F10-F16 | G17: =G10-G16 | H17: =H10-H16 | I17: =I10-I16 | ... M17: =M10-M16 | N17: =SUM(B17:M17)
A19: Overheads
A20: Salaries (not direct) | B20: 48000 | C20: 48000 | D20: 48000 | E20: 48000 | F20: 48000 | G20: 48000 | H20: 48000 | I20: 48000 | J20: 48000 | K20: 48000 | L20: 48000 | M20: 48000 | N20: =SUM(B20:M20)
A21: Employer taxes and pensions | B21: 8600 | C21: 8600 | D21: 8600 | E21: 8600 | F21: 8600 | G21: 8600 | H21: 8600 | I21: 8600 | J21: 8600 | K21: 8600 | L21: 8600 | M21: 8600 | N21: =SUM(B21:M21)
A22: Rent and rates | B22: 10500 | C22: 10500 | D22: 10500 | E22: 10500 | F22: 10500 | G22: 10500 | H22: 10500 | I22: 10500 | J22: 10500 | K22: 10500 | L22: 10500 | M22: 10500 | N22: =SUM(B22:M22)
A23: Marketing | B23: 7100 | C23: 7100 | D23: 7100 | E23: 7100 | F23: 7100 | G23: 7100 | H23: 7100 | I23: 7100 | J23: 7100 | K23: 7100 | L23: 7100 | M23: 7100 | N23: =SUM(B23:M23)
A24: Software and IT | B24: 3800 | C24: 3800 | D24: 3800 | E24: 3800 | F24: 3800 | G24: 3800 | H24: 3800 | I24: 3800 | J24: 3800 | K24: 3800 | L24: 3800 | M24: 3800 | N24: =SUM(B24:M24)
A25: Professional fees | B25: 2500 | C25: 2500 | D25: 2500 | E25: 2500 | F25: 2500 | G25: 2500 | H25: 2500 | I25: 2500 | J25: 2500 | K25: 2500 | L25: 2500 | M25: 2500 | N25: =SUM(B25:M25)
A26: Insurance | B26: 1400 | C26: 1400 | D26: 1400 | E26: 1400 | F26: 1400 | G26: 1400 | H26: 1400 | I26: 1400 | J26: 1400 | K26: 1400 | L26: 1400 | M26: 1400 | N26: =SUM(B26:M26)
A27: Travel | B27: 1800 | C27: 1800 | D27: 1800 | E27: 1800 | F27: 1800 | G27: 1800 | H27: 1800 | I27: 1800 | J27: 1800 | K27: 1800 | L27: 1800 | M27: 1800 | N27: =SUM(B27:M27)
A28: Other overheads | B28: 2200 | C28: 2200 | D28: 2200 | E28: 2200 | F28: 2200 | G28: 2200 | H28: 2200 | I28: 2200 | J28: 2200 | K28: 2200 | L28: 2200 | M28: 2200 | N28: =SUM(B28:M28)
A29: Total overheads | B29: =SUM(B20:B28) | C29: =SUM(C20:C28) | D29: =SUM(D20:D28) | E29: =SUM(E20:E28) | F29: =SUM(F20:F28) | G29: =SUM(G20:G28) | H29: =SUM(H20:H28) | I29: =SUM(I20:I28) | ... M29: =SUM(M20:M28) | N29: =SUM(B29:M29)
A31: Operating profit | B31: =B17-B29 | C31: =C17-C29 | D31: =D17-D29 | E31: =E17-E29 | F31: =F17-F29 | G31: =G17-G29 | H31: =H17-H29 | I31: =I17-I29 | ... M31: =M17-M29 | N31: =SUM(B31:M31)

Sheet Budget vs actual
A1: Budget vs actual
A2: Choose the month to review.
A3: Month (1-12) | B3: 9 | C3: =INDEX(Budget!$B$5:$M$5,$B$3)
A5: Line | B5: Budget | C5: Actual | D5: Variance | E5: Budget YTD | F5: Actual YTD | G5: Variance YTD
A6: Income
A7: Sales: product or service 1 | B7: =INDEX(Budget!$B7:$M7,$B$3) | C7: =INDEX(Actuals!$B7:$M7,$B$3) | D7: =C7-B7 | E7: =SUMIF(Budget!$B$4:$M$4,"<="&$B$3,Budget!$B7:$M7) | F7: =SUMIF(Actuals!$B$4:$M$4,"<="&$B$3,Actuals!$B7:$M7) | G7: =F7-E7
A8: Sales: product or service 2 | B8: =INDEX(Budget!$B8:$M8,$B$3) | C8: =INDEX(Actuals!$B8:$M8,$B$3) | D8: =C8-B8 | E8: =SUMIF(Budget!$B$4:$M$4,"<="&$B$3,Budget!$B8:$M8) | F8: =SUMIF(Actuals!$B$4:$M$4,"<="&$B$3,Actuals!$B8:$M8) | G8: =F8-E8
A9: Other income | B9: =INDEX(Budget!$B9:$M9,$B$3) | C9: =INDEX(Actuals!$B9:$M9,$B$3) | D9: =C9-B9 | E9: =SUMIF(Budget!$B$4:$M$4,"<="&$B$3,Budget!$B9:$M9) | F9: =SUMIF(Actuals!$B$4:$M$4,"<="&$B$3,Actuals!$B9:$M9) | G9: =F9-E9
A10: Total income | B10: =INDEX(Budget!$B10:$M10,$B$3) | C10: =INDEX(Actuals!$B10:$M10,$B$3) | D10: =C10-B10 | E10: =SUMIF(Budget!$B$4:$M$4,"<="&$B$3,Budget!$B10:$M10) | F10: =SUMIF(Actuals!$B$4:$M$4,"<="&$B$3,Actuals!$B10:$M10) | G10: =F10-E10
A12: Direct costs
A13: Materials and stock | B13: =INDEX(Budget!$B13:$M13,$B$3) | C13: =INDEX(Actuals!$B13:$M13,$B$3) | D13: =C13-B13 | E13: =SUMIF(Budget!$B$4:$M$4,"<="&$B$3,Budget!$B13:$M13) | F13: =SUMIF(Actuals!$B$4:$M$4,"<="&$B$3,Actuals!$B13:$M13) | G13: =F13-E13
A14: Direct labour | B14: =INDEX(Budget!$B14:$M14,$B$3) | C14: =INDEX(Actuals!$B14:$M14,$B$3) | D14: =C14-B14 | E14: =SUMIF(Budget!$B$4:$M$4,"<="&$B$3,Budget!$B14:$M14) | F14: =SUMIF(Actuals!$B$4:$M$4,"<="&$B$3,Actuals!$B14:$M14) | G14: =F14-E14
A15: Subcontractors | B15: =INDEX(Budget!$B15:$M15,$B$3) | C15: =INDEX(Actuals!$B15:$M15,$B$3) | D15: =C15-B15 | E15: =SUMIF(Budget!$B$4:$M$4,"<="&$B$3,Budget!$B15:$M15) | F15: =SUMIF(Actuals!$B$4:$M$4,"<="&$B$3,Actuals!$B15:$M15) | G15: =F15-E15
A16: Total direct costs | B16: =INDEX(Budget!$B16:$M16,$B$3) | C16: =INDEX(Actuals!$B16:$M16,$B$3) | D16: =C16-B16 | E16: =SUMIF(Budget!$B$4:$M$4,"<="&$B$3,Budget!$B16:$M16) | F16: =SUMIF(Actuals!$B$4:$M$4,"<="&$B$3,Actuals!$B16:$M16) | G16: =F16-E16
A17: Gross profit | B17: =INDEX(Budget!$B17:$M17,$B$3) | C17: =INDEX(Actuals!$B17:$M17,$B$3) | D17: =C17-B17 | E17: =SUMIF(Budget!$B$4:$M$4,"<="&$B$3,Budget!$B17:$M17) | F17: =SUMIF(Actuals!$B$4:$M$4,"<="&$B$3,Actuals!$B17:$M17) | G17: =F17-E17
A19: Overheads
A20: Salaries (not direct) | B20: =INDEX(Budget!$B20:$M20,$B$3) | C20: =INDEX(Actuals!$B20:$M20,$B$3) | D20: =C20-B20 | E20: =SUMIF(Budget!$B$4:$M$4,"<="&$B$3,Budget!$B20:$M20) | F20: =SUMIF(Actuals!$B$4:$M$4,"<="&$B$3,Actuals!$B20:$M20) | G20: =F20-E20
A21: Employer taxes and pensions | B21: =INDEX(Budget!$B21:$M21,$B$3) | C21: =INDEX(Actuals!$B21:$M21,$B$3) | D21: =C21-B21 | E21: =SUMIF(Budget!$B$4:$M$4,"<="&$B$3,Budget!$B21:$M21) | F21: =SUMIF(Actuals!$B$4:$M$4,"<="&$B$3,Actuals!$B21:$M21) | G21: =F21-E21
A22: Rent and rates | B22: =INDEX(Budget!$B22:$M22,$B$3) | C22: =INDEX(Actuals!$B22:$M22,$B$3) | D22: =C22-B22 | E22: =SUMIF(Budget!$B$4:$M$4,"<="&$B$3,Budget!$B22:$M22) | F22: =SUMIF(Actuals!$B$4:$M$4,"<="&$B$3,Actuals!$B22:$M22) | G22: =F22-E22
A23: Marketing | B23: =INDEX(Budget!$B23:$M23,$B$3) | C23: =INDEX(Actuals!$B23:$M23,$B$3) | D23: =C23-B23 | E23: =SUMIF(Budget!$B$4:$M$4,"<="&$B$3,Budget!$B23:$M23) | F23: =SUMIF(Actuals!$B$4:$M$4,"<="&$B$3,Actuals!$B23:$M23) | G23: =F23-E23
A24: Software and IT | B24: =INDEX(Budget!$B24:$M24,$B$3) | C24: =INDEX(Actuals!$B24:$M24,$B$3) | D24: =C24-B24 | E24: =SUMIF(Budget!$B$4:$M$4,"<="&$B$3,Budget!$B24:$M24) | F24: =SUMIF(Actuals!$B$4:$M$4,"<="&$B$3,Actuals!$B24:$M24) | G24: =F24-E24
A25: Professional fees | B25: =INDEX(Budget!$B25:$M25,$B$3) | C25: =INDEX(Actuals!$B25:$M25,$B$3) | D25: =C25-B25 | E25: =SUMIF(Budget!$B$4:$M$4,"<="&$B$3,Budget!$B25:$M25) | F25: =SUMIF(Actuals!$B$4:$M$4,"<="&$B$3,Actuals!$B25:$M25) | G25: =F25-E25
A26: Insurance | B26: =INDEX(Budget!$B26:$M26,$B$3) | C26: =INDEX(Actuals!$B26:$M26,$B$3) | D26: =C26-B26 | E26: =SUMIF(Budget!$B$4:$M$4,"<="&$B$3,Budget!$B26:$M26) | F26: =SUMIF(Actuals!$B$4:$M$4,"<="&$B$3,Actuals!$B26:$M26) | G26: =F26-E26
A27: Travel | B27: =INDEX(Budget!$B27:$M27,$B$3) | C27: =INDEX(Actuals!$B27:$M27,$B$3) | D27: =C27-B27 | E27: =SUMIF(Budget!$B$4:$M$4,"<="&$B$3,Budget!$B27:$M27) | F27: =SUMIF(Actuals!$B$4:$M$4,"<="&$B$3,Actuals!$B27:$M27) | G27: =F27-E27
A28: Other overheads | B28: =INDEX(Budget!$B28:$M28,$B$3) | C28: =INDEX(Actuals!$B28:$M28,$B$3) | D28: =C28-B28 | E28: =SUMIF(Budget!$B$4:$M$4,"<="&$B$3,Budget!$B28:$M28) | F28: =SUMIF(Actuals!$B$4:$M$4,"<="&$B$3,Actuals!$B28:$M28) | G28: =F28-E28
A29: Total overheads | B29: =INDEX(Budget!$B29:$M29,$B$3) | C29: =INDEX(Actuals!$B29:$M29,$B$3) | D29: =C29-B29 | E29: =SUMIF(Budget!$B$4:$M$4,"<="&$B$3,Budget!$B29:$M29) | F29: =SUMIF(Actuals!$B$4:$M$4,"<="&$B$3,Actuals!$B29:$M29) | G29: =F29-E29
A31: Operating profit | B31: =INDEX(Budget!$B31:$M31,$B$3) | C31: =INDEX(Actuals!$B31:$M31,$B$3) | D31: =C31-B31 | E31: =SUMIF(Budget!$B$4:$M$4,"<="&$B$3,Budget!$B31:$M31) | F31: =SUMIF(Actuals!$B$4:$M$4,"<="&$B$3,Actuals!$B31:$M31) | G31: =F31-E31
